[Event "Elitserien Allsvenskan 2018-19"]
[Site "Sweden"]
[Date "2019.03.31"]
[Round "9.8"]
[White "Isaksson, Henrik"]
[Black "Carlsson, Ludvig"]
[Result "0-1"]
[ECO "D18"]
[WhiteElo "2086"]
[BlackElo "2172"]
[Annotator "NA"]
[PlyCount "98"]
[EventDate "2018.11.09"]
[EventType "team-tourn"]
[EventCountry "SWE"]
[SourceTitle "playchess.com"]
[Source "ChessBase"]
[SourceQuality "1"]
[TimeControl "40/5400+30:1800+30"]

1. d4 d5 2. c4 c6 3. Nf3 Nf6 4. Nc3 dxc4 5. a4 Bf5 6. e3 e6 7. Bxc4 Nbd7 8. O-O Bb4 9. Qe2 Bg6 10. Na2 Bd6 11. Nc3 Bb4 12. Na2 Be7 13. Nc3 O-O 14. e4 Bh5 15. e5 Nd5 16. Nxd5 cxd5 17. Bd3 Nb8 18. Bd2 Nc6 19. Qe3 Bxf3 20. gxf3 Bb4 21. Bc3 Qh4 22. f4 f5 23. Bb5 Bxc3 24. bxc3 Ne7 25. Bd7 Qh6 26. Rfb1 Rab8 27. a5 Rfd8 28. Ba4 Ng6 29. Rb2 Rf8 30. Rab1 Rf7 31. Bc6 Nxf4 32. Kh1 b6 33. axb6 Rxb6 34. Rxb6 axb6 35. Rxb6 Ra7 36. Rb8+ Kf7 37. Rb7+ Rxb7 38. Bxb7 Qg5 39. Qf3 Ng6 40. h3 Qf4 41. Bxd5 Qc1+ 42. Kh2 exd5 43. Qxd5+ Kf8 44. Qd8+ Kf7 45. Qd5+ Ke7 46. Qd6+ Ke8 47. Qc6+ Kf8 48. Qd6+ Ke8 49. Qc6+ Kf8 0-1